 Dungeon Crawl Stone Soup version 0.26-a0-712-ga5a9c9c9d0 (webtiles) character file.

Game seed: 2452097677020075547

(classic levelgen) 9909 EnegeticOcto the Cleaver (level 11, 0/100 HPs)
             Began as a Deep Dwarf Fighter on Nov 5, 2020.
             Was a Priest of Makhleb.
             Slain by a bullfrog (1 damage)
             ... on level 10 of the Dungeon.
             The game lasted 00:04:21 (5613 turns).

EnegeticOcto the Cleaver (Deep Dwarf Fighter)       Turns: 5613, Time: 00:04:21

Health: 0/100      AC:  0    Str: 24    XL:     11   Next: 29%
Magic:  11/11      EV: 17    Int:  8    God:    Makhleb [***...]
Gold:   365        SH:  0    Dex: 17    Spells: 10/10 levels left

rFire    . . .     SeeInvis .   (weapon currently unavailable)
rCold    . . .     Faith    .   (shield currently unavailable)
rNeg     . . .     Spirit   .   (armour currently unavailable)
rPois    .         Reflect  .   (helmet currently unavailable)
rElec    .         Harm     .   (cloak currently unavailable)
rCorr    .         Rampage  .   (gloves currently unavailable)
MR       +....                  (boots currently unavailable)
Stlth    ++........             (no amulet)
HPRegen  0.00/turn              (ring currently unavailable)
MPRegen  0.12/turn              (ring currently unavailable)

@: lethally poisoned (0 -> 0), bat-form, flying, non-regenerating, very quick
A: tiny, damage resistance, heal wounds, sense surroundings 2, no regeneration
a: Heal Wounds, Minor Destruction, Lesser Servant of Makhleb, Renounce Religion


You were on level 10 of the Dungeon.
You worshipped Makhleb.
Makhleb was most pleased with you.
You were in bat-form.
You visited 2 branches of the dungeon, and saw 11 of its levels.
You also visited: Ossuary.

You collected 410 gold pieces.
You spent 45 gold pieces at shops.

Inventory:

Hand Weapons
 a - a +1 war axe (melded)
Missiles
 y - a throwing net (quivered)
Armour
 b - a +0 scale mail
 c - a +1 kite shield (melded)
 k - a +0 plate armour (melded)
 n - a scarf of repulsion (melded)
 t - a +0 chain mail
 z - a +1 hat (melded)
Jewellery
 j - a +4 ring of evasion (melded)
 E - an uncursed ring of stealth {unknown}
Wands
 u - a wand of iceblast (4) {@v2}
 v - a wand of polymorph (12)
 B - a wand of digging (4) {@v3}
 C - a wand of paralysis (6)
Scrolls
 f - 2 scrolls of teleportation {@r3}
 h - a scroll of silence
 m - 5 scrolls of remove curse {@r2}
 p - 5 scrolls of fear
 s - 2 scrolls of enchant armour
 w - 5 scrolls of magic mapping {@r5}
 A - 2 scrolls of identify {@r1}
 D - a scroll of blinking
Potions
 d - 3 potions of might {@q3}
 e - 2 potions of invisibility
 g - 3 potions of magic
 i - 6 potions of curing {@q1}
 l - 2 potions of ambrosia
 o - 2 potions of brilliance
 q - a potion of haste {@q4}
 r - 6 potions of degeneration
 x - a potion of berserk rage {unknown}


   Skills:
 + Level 7.4 Fighting
 * Level 11.5 Axes
 + Level 9.0 Armour
 + Level 8.7 Shields
 + Level 8.5 Invocations


You had 10 spell levels left.
You didn't know any spells.
Your spell library was empty.

Dungeon Overview and Level Annotations

Branches:
Dungeon (10/15)            Temple (1/1) D:5         Ossuary (visited)
   Lair: D:8-11         Orc: D:9-12

Altars:
Ashenzari
Cheibriados
Dithmenos
Elyvilon
Fedhas
Gozag
Hepliaklqana
Kikubaaqudgha
Makhleb
Nemelex Xobeh
Okawaru
Qazlal
Ru
Sif Muna
Trog
Uskayaw
Vehumet
Wu Jian
Xom
Yredelemnul
Zin
The Shining One

Shops:
D:6 ?

Annotations:
D:5 3 runed translucent doors, SnubMonkey's ghost, novice GnWn
D:6 2 transporters, EnegeticOcto's ghost, amateur DDDe
D:9 Prince Ribbit


Innate Abilities, Weirdness & Mutations

You are resistant to damage.
You can heal yourself by infusing magical energy.
You passively map the area around you.
You do not regenerate.


Message History

A centaur is nearby!
A centaur is nearby!
A centaur is nearby!
A centaur is nearby!
A centaur is nearby!
A centaur is nearby!
A centaur is nearby!
A centaur is nearby!
A centaur is nearby!
A centaur is nearby!
A centaur is nearby!
A centaur is nearby!
The centaur wields a cursed +0 shortbow.
The centaur shoots an arrow.
You block the arrow.
The centaur shoots an arrow.
You block the arrow.
You see here 2 arrows.
The centaur shoots an arrow.
You block the arrow.
Found 11 stones.
You see here an arrow.
The centaur zaps a wand.
You resist with almost no effort.
The centaur shoots an arrow.
The arrow hits you!
The centaur shoots an arrow.
You block the arrow.
You see here an arrow.
The centaur shoots an arrow.
The arrow closely misses you.
Found a pair of boots. 3 killer bees come into view.
The killer bee buzzes angrily. x3; You hear an angry growl.
A bullfrog comes into view. x2
You block the centaur's attack.
A killer bee comes into view.
You block the centaur's attack.
The bullfrog croaks.
You hit the centaur.
The centaur is lightly wounded.
The centaur zaps a wand.
You turn into a bat.
Your +1 war axe melds into your body.
Your scarf of repulsion melds into your body.
Your +1 hat melds into your body.
Your +1 kite shield melds into your body.
Your +0 plate armour melds into your body.
Your +4 ring of evasion melds into your body.
The haze of the repulsion field disappears.
The centaur barely misses you.
The centaur zaps a wand.
You resist with almost no effort. The killer bee closely misses you.
The centaur hits you with a cursed +0 shortbow!
The killer bee completely misses you. The killer bee closely misses you.
The centaur closely misses you. The bullfrog hits you.
The killer bee stings you. The centaur misses you. The killer bee stings you!
The bullfrog completely misses you. The killer bee barely misses you.
The bullfrog barely misses you. The killer bee stings you.
The centaur barely misses you. The killer bee misses you.
The bullfrog hits you! The killer bee stings you. The bullfrog hits you.
The centaur barely misses you. The killer bee misses you.
The bullfrog completely misses you. The killer bee completely misses you.
The killer bee misses you. The bullfrog hits you! The killer bee misses you.
The bullfrog hits you. The centaur closely misses you.
The killer bee barely misses you. The bullfrog closely misses you.
The killer bee completely misses you. The killer bee completely misses you.
The bullfrog barely misses you. The centaur completely misses you.
The killer bee barely misses you. The bullfrog hits you.
The killer bee barely misses you. The bullfrog misses you.
The killer bee misses you.
The centaur zaps a wand.
You resist with almost no effort. The killer bee stings you.
The bullfrog completely misses you. The killer bee closely misses you.
The bullfrog closely misses you.
The centaur hits you with a cursed +0 shortbow!
The killer bee stings you.
You are poisoned.
The killer bee poisons you! The killer bee closely misses you.
The bullfrog misses you. The killer bee stings you!
The bullfrog closely misses you. The killer bee completely misses you.
The centaur misses you. The bullfrog hits you!
The bullfrog completely misses you. The killer bee misses you.
The killer bee barely misses you. The centaur barely misses you.
The killer bee closely misses you. The killer bee stings you!
The bullfrog closely misses you. The bullfrog hits you.
* * * LOW HITPOINT WARNING * * *
The centaur hits you with a cursed +0 shortbow!
* * * LOW HITPOINT WARNING * * *
The killer bee completely misses you. The bullfrog hits you.
The killer bee closely misses you. The killer bee completely misses you.
The bullfrog closely misses you. The killer bee stings you.
* * * LOW HITPOINT WARNING * * *
A black bear comes into view.
The centaur misses you. The bullfrog hits you!
* * * LOW HITPOINT WARNING * * *
The bullfrog hits you.
* * * LOW HITPOINT WARNING * * *
The killer bee misses you. The killer bee closely misses you.
The killer bee closely misses you. The centaur closely misses you.
The killer bee closely misses you. The bullfrog hits you!
* * * LOW HITPOINT WARNING * * *
The bullfrog hits you.
You die...

, , ,, * ,..h.....#
........# , ,
........#### * ,
...........#
........##.#### *
......#.......##########
#....ycy...#............
#....yFb.(.##......##...
#...(.Fy..(((.## *, ....
#..........##..#####....
#..........###.....#..#
#..........# #####..# *
########.### ##.# . *
....########.###. *
...[.............. ,...
#.######.....


You could see a black bear, 2 bullfrogs, a centaur and 4 killer bees.

Vanquished Creatures
  Gastronok (D:8)
  Harold (D:7)
  Erica (D:9)
  2 two-headed ogres (D:9)
  An unseen horror (D:9)
  A gargoyle (D:9)
  Psyche (D:8)
  2 trolls
  A wyvern (D:10)
  A wraith (D:10)
  7 orc warriors
  A phantom (D:7)
  3 sky beasts
  2 black bears
  2 ice beasts
  3 centaurs
  3 ogres
  3 bullfrogs
  3 water moccasin zombies (Ossuary)
  4 scorpions
  5 howler monkeys
  3 bullfrog zombies
  7 orc priests
  3 jellies
  2 bullfrog skeletons
  2 centaur skeletons
  7 orc wizards
  Natasha (thrice) (D:2)
  3 iguanas
  2 worker ants
  A killer bee zombie (D:6)
  2 big kobold zombies (Ossuary)
  2 hound skeletons
  2 mummies (Ossuary)
  2 worker ant zombies
  9 adders
  3 shadow imps
  4 white imps
  An ufetubus (D:7)
  9 adder zombies (Ossuary)
  2 adder skeletons (D:5)
  2 worms
  A dart slug (D:1)
  5 leopard geckos
  37 orcs
  3 bats
  2 giant cockroaches
  5 goblins
  4 hobgoblins
  9 jackals
  3 quokkas
  4 frilled lizards
  5 hobgoblin zombies (Ossuary)
  2 jackal skeletons (D:8)
  11 kobolds
  A kobold zombie (Ossuary)
  An orc zombie (Ossuary)
  A quokka zombie (D:5)
  2 rats (D:2)
215 creatures vanquished.

Vanquished Creatures (others)
  2 plants (D:3)
2 creatures vanquished.

Grand Total: 217 creatures vanquished

Notes
Turn   | Place    | Note
-------+----------+-------------------------------------------
     0 | D:1      | EnegeticOcto the Deep Dwarf Fighter began the quest for the
                  | Orb.
     0 | D:1      | Reached XP level 1. HP: 20/20 MP: 1/1
    86 | D:1      | Reached XP level 2. HP: 27/27 MP: 2/2
   247 | D:2      | Found a sacrificial altar of Ru.
   290 | D:2      | Reached skill level 3 in Axes
   290 | D:2      | Reached XP level 3. HP: 26/34 MP: 3/3
   291 | D:2      | Noticed Natasha
   298 | D:2      | Killed Natasha
   372 | D:2      | Reached XP level 4. HP: 40/42 MP: 3/3
   423 | D:2      | Noticed Natasha
   433 | D:2      | Killed Natasha
   506 | D:2      | Noticed Natasha
   515 | D:2      | Killed Natasha
   554 | D:3      | Reached XP level 5. HP: 46/49 MP: 4/4
   570 | D:3      | Reached skill level 4 in Axes
   939 | D:4      | Reached XP level 6. HP: 35/57 MP: 5/5
   972 | D:4      | Found a sand-covered staircase.
   980 | Ossuary  | Entered an ossuary
   997 | Ossuary  | Reached skill level 5 in Axes
  1140 | Ossuary  | Reached XP level 7. HP: 30/64 MP: 6/6
  1148 | Ossuary  | Reached skill level 5 in Armour
  1382 | D:4      | Reached skill level 5 in Shields
  1485 | D:5      | Entered Level 5 of the Dungeon
  1581 | D:5      | Found a staircase to the Ecumenical Temple.
  1593 | Temple   | Entered the Ecumenical Temple
  1736 | Temple   | Became a worshipper of Makhleb the Destroyer
  1791 | D:5      | Reached skill level 6 in Axes
  1791 | D:5      | Reached skill level 1 in Invocations
  2042 | D:5      | Reached XP level 8. HP: 70/73 MP: 7/7
  2241 | D:5      | Found a runed translucent gate.
  2241 | D:5      | Found a runed translucent gate.
  2242 | D:5      | Found a runed translucent gate.
  2242 | D:5      | Noticed SnubMonkey's ghost (novice GnWn)
  2524 | D:6      | Found a transporter.
  2524 | D:6      | Noticed EnegeticOcto's ghost (amateur DDDe)
  2578 | D:6      | Found a broken altar of Ashenzari.
  2614 | D:6      | Reached skill level 7 in Axes
  2688 | D:6      | Found a transporter.
  2724 | D:6      | Found Uloowoac's Magic Scroll Shoppe.
  2728 | D:6      | Bought a scroll of magic mapping for 45 gold pieces
  2743 | D:6      | Reached * piety under Makhleb
  2817 | D:6      | Reached skill level 5 in Fighting
  3168 | D:7      | Reached skill level 8 in Axes
  3218 | D:7      | Gained mutation: You passively map the area around you.
                  | [Deep Dwarf growth]
  3218 | D:7      | Reached XP level 9. HP: 54/81 MP: 8/8
  3414 | D:7      | Noticed Harold
  3436 | D:7      | Killed Harold
  3436 | D:7      | Reached skill level 5 in Invocations
  3447 | D:7      | Reached skill level 9 in Axes
  3491 | D:7      | Reached ** piety under Makhleb
  3910 | D:8      | Found a radiant altar of Vehumet.
  3949 | D:8      | Noticed Psyche
  3963 | D:8      | Killed Psyche
  3967 | D:8      | Noticed Gastronok
  4001 | D:8      | Killed Gastronok
  4001 | D:8      | Reached skill level 10 in Axes
  4001 | D:8      | Reached XP level 10. HP: 92/92 MP: 8/10
  4592 | D:9      | Noticed a two-headed ogre
  4608 | D:9      | Killed a two-headed ogre
  4629 | D:9      | Noticed a gargoyle
  4636 | D:9      | Killed a gargoyle
  4695 | D:9      | Noticed Erica
  4721 | D:9      | Killed Erica
  4721 | D:9      | Reached skill level 11 in Axes
  4954 | D:9      | Noticed Prince Ribbit
  4954 | D:9      | Noticed a two-headed ogre
  4972 | D:9      | Killed a two-headed ogre
  4972 | D:9      | Reached XP level 11. HP: 43/100 MP: 9/11
  5310 | D:9      | Reached *** piety under Makhleb
  5353 | D:9      | Killed an unseen horror
  5423 | D:10     | Entered Level 10 of the Dungeon
  5613 | D:10     | HP: 1/100 [bullfrog (8)]
  5613 | D:10     | Slain by a bullfrog

Illustrated notes

Levels and vault maps discovered:
D:1:      sevenhm_arrival_forest_fort_large_3, layout_basic,
          minmay_strange_pillars, minmay_misc_feat_roman
D:2:      minmay_kobold_bridge, layout_basic, nicolae_ru_sacrificial_ziggurat,
          uniq_natasha
D:3:      cheibrodos_old_hovel, layout_loops_ring, hangedman_decor_lopped,
          grunt_ministairs_14
D:4:      layout_rooms, chequers_ossuary_entry_cave, minmay_starry_boxes
D:5:      layout_loops_corners, temple_green, ebering_ghost_rock_garden
D:6:      layout_basic, serial_shops, shop, gammafunk_ghost_mausoleum,
          evilmike_ruin_ashenzari
D:7:      layout_loops_ring, uniq_harold
D:8:      layout_basic, vehumet_altar_wand_db, uniq_gastronok, uniq_psyche
D:9:      minmay_tri_box, layout_grid_maze, uniq_erica, uniq_prince_ribbit1
D:10:     layout_rooms, billiards_dpeg
Temple:   kilobyte_greek_temple

Skill      XL: |  1  2  3  4  5  6  7  8  9 10 11 |
---------------+----------------------------------+-----
Fighting       | 3 4 5 6 7 |  7.4
Axes           | 3 4 5 6 8 10 11 | 11.5
Armour         | 4 5 6 7 8 9 |  9.0
Shields        | 4 5 6 7 8 |  8.7
Invocations    | 2 4 6 8 |  8.5

Action                   |  1- 3 |  4- 6 |  7- 9 | 10-12 || total
-------------------------+-------+-------+-------+-------++-------
Melee: War axe           |    98 |   210 |   397 |   243 ||   948
 Abil: Heal Wounds       |     1 |     3 |    24 |    10 ||    38
  Use: Scroll            |       |       |    16 |       ||    16
Armor: Scale mail        |    55 |    57 |    16 |       ||   128
       Chain mail        |       |       |    33 |       ||    33
       Plate armour      |       |       |   104 |   105 ||   209
Dodge: Dodged            |    22 |    58 |    88 |   130 ||   298
       Repelled          |       |       |     2 |       ||     2
Block: Kite shield       |    59 |   116 |   196 |   145 ||   516

Table legend: (Time is in decaauts)
 A = Elapsed time spent in this place.
 B = Non-inter-level travel time spent in this place.
 C = Inter-level travel time spent in this place.
 D = Time resting spent in this place.
 E = Time spent auto-exploring this place.
 F = Levels seen in this place.
 G = Mean time per level.
                   A        B        C        D        E       F      G
               +--------+--------+--------+--------+--------+-----+--------+
         Total |   5867 |   5584 |    283 |      0 |   3764 |  12 |  488.9 |
       Dungeon |   5450 |   5215 |    235 |      0 |   3582 |  10 |  545.0 |
        Temple |    174 |    126 |     48 |      0 |    122 |   1 |  174.0 |
       Ossuary |    241 |    241 |      0 |      0 |     60 |   1 |  241.0 |
               +--------+--------+--------+--------+--------+-----+--------+

Top non-repeatable levels by time:
     D:9: 893 daAuts
     D:5: 812 daAuts
     D:7: 772 daAuts
     D:8: 742 daAuts
     D:6: 673 daAuts
     D:4: 537 daAuts
     D:2: 455 daAuts
 Ossuary: 241 daAuts
     D:3: 225 daAuts
    D:10: 190 daAuts
  Temple: 174 daAuts
     D:1: 147 daAuts
